 Dungeon Crawl Stone Soup version 0.28-a0-313-gbc0475efdd (webtiles) character file.

Game seed: 12813582024658518528

171 jdzakarian the Skirmisher (level 5, 0/47 HPs)
             Began as a Hill Orc Fighter on Sept 1, 2021.
             Succumbed to a water moccasin's poison
             ... in a sewer.
             The game lasted 00:12:50 (2220 turns).

jdzakarian the Skirmisher (Hill Orc Fighter)        Turns: 2220, Time: 00:12:51

Health: 0/47       AC:  9    Str: 19    XL:     5   Next: 51%
Magic:  5/5        EV:  5    Int:  8    God:
Gold:   159        SH:  9    Dex: 11    Spells: 4/4 levels left

rFire   x . .      SeeInvis .   f - +2 short sword (vamp)
rCold   + . .      Faith    .   c - +1 kite shield
rNeg    . . .      Spirit   .   i - +0 chain mail
rPois   .          Reflect  .   (no helmet)
rElec   .          Harm     .   (no cloak)
rCorr   .          Rampage  .   (no gloves)
Will    .....                   (no boots)
Stlth   ..........              (no amulet)
HPRegen 0.15/turn               e - ring of ice
MPRegen 0.09/turn               (no ring)

@: mighty, lethally poisoned (0 -> -5)
A: no striking features
a: no special abilities


You were in a sewer.
You visited 1 branch of the dungeon, and saw 3 of its levels.
You also visited: Sewer.

You collected 159 gold pieces.

Inventory:

Hand Weapons
 f - a +2 vampiric short sword (weapon)
Missiles
 h - 5 boomerangs (quivered)
Armour
 c - a +1 kite shield (worn)
 i - a +0 chain mail (worn)
Jewellery
 e - a ring of ice (left hand)
Wands
 a - a wand of polymorph (4)
 g - a wand of iceblast (9)
Scrolls
 b - a scroll of amnesia
Potions
 d - a potion of might


   Skills:
 + Level 4.4 Fighting
 + Level 1.9 Short Blades
 + Level 3.0 Axes
 + Level 4.3 Armour
 + Level 1.0 Dodging
 + Level 0.1 Stealth
 + Level 4.0 Shields
 + Level 1.0 Unarmed Combat


You had 4 spell levels left.
You didn't know any spells.
Your spell library contained the following spells:

 Spells                   Type           Power      Damage    Failure   Level
 Call Canine Familiar     Summ           0%         N/A       100%        3
 Portal Projectile        Hex/Tloc       0%         N/A       100%        3
 Leda's Liquefaction      Hex/Erth       0%         N/A       100%        4


Dungeon Overview and Level Annotations

Branches:
Dungeon (3/15)              Sewer (1/1)

Altars:


Message History

You hit the water moccasin.
You feel better.
The water moccasin is heavily wounded.
You feel very sick. The water moccasin bites you.
You hit the water moccasin but do no damage.
The water moccasin is heavily wounded.
You feel very sick.
The water moccasin completely misses you.
The water moccasin bites you.
You hit the water moccasin but do no damage.
The water moccasin is heavily wounded.
You feel sick. You block the water moccasin's attack.
The water moccasin bites you but does no damage.
You hit the water moccasin.
You feel better.
The water moccasin is heavily wounded.
You feel sick. The water moccasin bites you.
You closely miss the water moccasin.
The water moccasin is heavily wounded.
You feel sick. The water moccasin barely misses you.
The water moccasin bites you.
You are more poisoned.
The water moccasin poisons you!
You closely miss the water moccasin.
The water moccasin is heavily wounded.
* * * LOW HITPOINT WARNING * * *
You feel very sick. The water moccasin bites you.
* * * LOW HITPOINT WARNING * * *
The water moccasin bites you.
* * * LOW HITPOINT WARNING * * *
You feel very mighty all of a sudden.
* * * LOW HITPOINT WARNING * * *
You feel sick. You block the water moccasin's attack.
Okay, then.
* * * LOW HITPOINT WARNING * * *
You feel sick.
The water moccasin bites you but does no damage.
* * * LOW HITPOINT WARNING * * *
You feel sick. You block the water moccasin's attack.
You die...

#.....##
#.≈≈#≈≈.#
#..###.≈##
#... #...#
#≈.# ##.≈#
#.. #..#
#. #≈.#
##.≈#
#.@.# #.
##≈.##
#...#≈.S#
#.≈.≈.##
#.≈≈.≈#
##.≈.##
#≈.. (.#≈#
#!?#.


You could see a water moccasin.

Vanquished Creatures
  2 orc wizards (D:3)
  Robin (D:2)
  3 adders
  A worm (D:2)
  A dart slug (D:1)
  3 orcs (D:3)
  8 ball pythons
  2 bats
  2 endoplasms
  5 giant cockroaches
  13 goblins
  8 hobgoblins
  3 jackals
  5 quokkas
  2 frilled lizards
  9 kobolds
  6 rats
74 creatures vanquished.

Vanquished Creatures (others)
  3 plants (D:3)
3 creatures vanquished.

Grand Total: 77 creatures vanquished

Notes
Turn   | Place    | Note
-------+----------+-------------------------------------------
     0 | D:1      | jdzakarian the Hill Orc Fighter began the quest for the
                  | Orb.
     0 | D:1      | Reached XP level 1. HP: 19/19 MP: 1/1
    58 | D:1      | Found a faded altar of an unknown god.
   306 | D:1      | Reached XP level 2. HP: 27/27 MP: 2/2
   706 | D:1      | Reached XP level 3. HP: 33/33 MP: 3/3
   997 | D:2      | Reached skill level 1 in Short Blades
  1336 | D:2      | Noticed Robin
  1345 | D:2      | Reached XP level 4. HP: 39/40 MP: 4/4
  1362 | D:2      | Killed Robin
  1787 | D:3      | Reached XP level 5. HP: 47/47 MP: 5/5
  1796 | D:3      | Reached skill level 1 in Dodging
  1849 | D:3      | Reached skill level 1 in Unarmed Combat
  1998 | D:3      | Found a glowing drain.
  2118 | Sewer    | Entered a sewer
  2201 | Sewer    | Noticed a water moccasin
  2219 | Sewer    | HP: 2/47 [poisoned by a water moccasin]
  2220 | Sewer    | Succumbed to a water moccasin's poison

Illustrated notes

Levels and vault maps discovered:
D:1:      lightli_arrival_chessboard, layout_basic,
          hellmonk_ecumenical_altar_crossroads, hangedman_decor_riveting
D:2:      minmay_evil_eye, layout_rooms, hangedman_decor_push, uniq_robin
D:3:      layout_basic, serial_shops, nicolae_shop_overgrown_old_shop,
          cheibrodos_sewer_entry_drain
Sewer:    sewer_the_moccasin

Skill      XL: |  1  2  3  4  5 |
---------------+----------------+-----
Axes           | 3 |  3.0
Fighting       | 4 |  4.4
Short Blades   | 1 |  1.9
Armour         | 4 |  4.3
Dodging        | 1 |  1.0
Shields        | 4 |  4.0
Unarmed Combat | 1 |  1.0
Stealth        | |  0.1

Action                   |  1- 3 |  4- 6 || total
-------------------------+-------+-------++-------
Melee: War axe           |    31 |       ||    31
       Short sword       |   102 |   128 ||   230
       Unarmed           |       |    21 ||    21
  Use: Potion            |     2 |     2 ||     4
       Scroll            |     3 |     1 ||     4
Armor: Scale mail        |    63 |    21 ||    84
       Skin              |       |    12 ||    12
       Chain mail        |       |    35 ||    35
Dodge: Dodged            |    60 |    50 ||   110
Block: Kite shield       |    72 |    58 ||   130

Table legend: (Time is in decaauts)
 A = Elapsed time spent in this place.
 B = Non-inter-level travel time spent in this place.
 C = Inter-level travel time spent in this place.
 D = Time resting spent in this place.
 E = Time spent auto-exploring this place.
 F = Levels seen in this place.
 G = Mean time per level.
                   A        B        C        D        E       F      G
               +--------+--------+--------+--------+--------+-----+--------+
         Total |   2292 |   2292 |      0 |      0 |   1379 |   4 |  573.0 |
       Dungeon |   2177 |   2177 |      0 |      0 |   1353 |   3 |  725.7 |
         Sewer |    115 |    115 |      0 |      0 |     26 |   1 |  115.0 |
               +--------+--------+--------+--------+--------+-----+--------+

Top non-repeatable levels by time:
     D:1: 903 daAuts
     D:2: 803 daAuts
     D:3: 470 daAuts
   Sewer: 115 daAuts
